AoeStats
← erikasantos1455

Highland

504668964Analyzed
4v4 RM · 25d ago on Sep 6, 2026· 51m 17s· 8 players
Game mode
Random Map
Map size
Large (8 player)
Population
200
Speed
Normal
Resources
Standard
Victory
Conquest
Starting age
Dark Age
Ending age
Imperial Age
RankedLock teamsTeams togetherTeam positionsShared explorationLock speedFull tech treeHidden civsTurbo modeCheats
Victory
Defeat
🇨🇴 Persians · Colombia
977
+28
🇨🇴 Dravidians · Colombia
755
+19
🇨🇴 Sicilians · Colombia
709
+22
🇨🇴 Spanish · Colombia
646
+24
🇺🇸 Italians · United States
877
-21
🇮🇳 Hindustanis · India
820
-18
🇦🇷 Gurjaras · Argentina
810
-18
809
-18
蒸汽机器人
3:04 Loom
10:24 Feudal Age
11:00 Double-Bit Axe
11:15 Horse Collar
20:36 Castle Age
21:45 Bow Saw
21:37 Stone Mining
21:39 Gold Mining
21:53 Heavy Plow
23:20 Caravan
24:13 Town Watch
25:03 Wheelbarrow
26:11 Stone Shaft Mining
27:22 Bloodlines
28:05 Hand Cart
28:19 Hand Cart
28:21 Treadmill Crane
30:35 Fortified Wall
30:23 Murder Holes
30:29 Fletching
33:17 Imperial Age
32:34 Gold Shaft Mining
31:56 Bodkin Arrow
32:11 Forging
33:10 Husbandry
33:50 Masonry
34:04 Fortified Wall
34:08 Kshatriyas
34:53 Crop Rotation
35:22 Conscription
35:59 Heavy Camel Rider
BoBo鸡之印第安走地鸡
0:33 Loom
13:12 Feudal Age
14:44 Double-Bit Axe
17:28 Castle Age
15:18 Horse Collar
19:02 Heavy Plow
19:48 Bow Saw
23:02 Wheelbarrow
25:22 Gold Mining
27:32 Pikeman
32:39 Imperial Age
30:25 Hand Cart
29:56 Town Watch
30:34 Eagle Warrior
31:00 Gambesons
31:15 Squires
31:02 Arson
31:21 Scale Mail Armor
31:32 Forging
34:28 Chain Mail Armor
34:49 Iron Casting
Williamjason007
11:56 Feudal Age
12:41 Double-Bit Axe
13:02 Horse Collar
21:35 Castle Age
21:21 Gold Mining
21:22 Stone Mining
21:36 Padded Archer Armor
21:27 Fletching
22:36 Heavy Plow
25:48 Thumb Ring
26:14 Leather Archer Armor
31:14 Imperial Age
29:20 Ballistics
31:19 Bodkin Arrow
32:59 Chemistry
33:51 Bracer
34:21 Ring Archer Armor
37:06 Pirotechnia
KevMamba
0:40 Loom
12:37 Feudal Age
20:00 Castle Age
17:44 Horse Collar
18:09 Double-Bit Axe
19:32 Wheelbarrow
20:22 Stone Mining
20:28 Gold Mining
20:59 Bow Saw
24:08 Town Watch
25:27 Stone Shaft Mining
25:32 Gold Shaft Mining
25:25 Heavy Plow
25:37 Husbandry
25:47 Bloodlines
27:29 Bloodlines
27:27 Thumb Ring
28:53 Hand Cart
29:41 Scale Barding Armor
30:55 Town Patrol
31:07 Forging
31:44 Grand Trunk Road
32:25 Fletching
33:11 Iron Casting
33:01 Ballistics
34:37 Chain Barding Armor
34:13 Bodkin Arrow
34:24 Elite Skirmisher
36:01 Light Cavalry
36:46 Squires
36:08 Pikeman
40:14 Imperial Age
40:28 Scale Mail Armor
40:29 Padded Archer Armor
45:25 Blast Furnace
45:01 Plate Barding Armor
44:26 Bracer
44:44 Chain Mail Armor
46:13 Two-Man Saw
45:51 Conscription
45:28 Heavy Camel Rider
47:29 Chemistry
48:34 Leather Archer Armor
48:17 Murder Holes
FDAGZ
10:00 Feudal Age
10:39 Double-Bit Axe
10:41 Fishing Lines
12:05 Horse Collar
14:54 Gold Mining
16:50 Wheelbarrow
16:02 Loom
17:17 Forging
17:00 Fletching
21:16 Castle Age
21:36 Stone Mining
22:54 Medium Warships
22:39 Demolition Ship
24:18 Bow Saw
24:15 Gillnets
24:55 Bodkin Arrow
25:59 Caravan
27:11 Hand Cart
27:06 Town Watch
32:43 Imperial Age
31:44 Ballistics
31:37 Masonry
32:28 Town Patrol
34:24 Chemistry
33:36 Clinker Construction
33:37 Careening
34:22 Heavy Warships
34:31 Elite Cannon Galleon
35:55 Conscription
38:35 Dry Dock
38:36 Carvel Hull
41:53 Padded Archer Armor
41:53 Bracer
42:59 Wootz Steel
42:00 Elite Urumi Swordsman
45:07 Forging
44:58 Scale Mail Armor
45:12 Squires
44:58 Gambesons
44:59 Arson
47:21 Iron Casting
47:13 Chain Mail Armor
slim Shady1318
11:53 Feudal Age
12:32 Horse Collar
13:17 Double-Bit Axe
17:45 Wheelbarrow
19:53 Castle Age
21:13 Heavy Plow
22:03 Scale Mail Armor
23:21 Hand Cart
24:07 Chain Mail Armor
24:02 Forging
24:05 Bow Saw
23:49 Town Watch
26:17 Town Patrol
26:09 Gold Mining
33:05 Iron Casting
33:58 Murder Holes
35:59 Caravan
36:46 Gold Shaft Mining
36:01 Stone Mining
37:17 Squires
37:02 Arson
37:03 Gambesons
36:42 Pikeman
37:51 Fervor
37:57 Masonry
42:30 Imperial Age
42:38 Elite Serjeant
42:44 Elite Serjeant
46:27 Blast Furnace
45:57 Plate Mail Armor
48:42 Conscription
47:52 Halberdier
51:57 Hoardings
erikasantos1455
15:23 Feudal Age
29:53 Castle Age
31:45 Castle Age
42:11 Gambesons
41:47 Man-at-Arms
42:20 Arson
45:24 Elite Skirmisher
45:33 Elite Skirmisher
50:51 Imperial Age
52:02 Hoardings
Ivan Felipe HD
4:37 Loom
10:49 Feudal Age
12:05 Wheelbarrow
11:12 Horse Collar
13:07 Double-Bit Axe
18:49 Gold Mining
20:10 Bloodlines
20:38 Bloodlines
22:32 Castle Age
22:01 Stone Mining
22:41 Bloodlines
23:38 Hand Cart
23:45 Heavy Plow
24:21 Stone Shaft Mining
24:54 Scale Barding Armor
25:00 Forging
27:57 Bow Saw
28:01 Caravan
31:09 Light Cavalry
31:50 Husbandry
32:15 Chain Barding Armor
32:32 Iron Casting
35:52 Town Watch
36:21 Redemption
37:11 Town Patrol
38:30 Ballistics
38:20 Masonry
38:05 Elite Skirmisher
45:31 Imperial Age
44:48 Scale Mail Armor
44:50 Padded Archer Armor
44:41 Fletching
47:23 Two-Man Saw
47:10 Plate Barding Armor
47:36 Blast Furnace
46:19 Elite Conquistador
47:20 Conscription
48:00 Coinage
47:41 Guilds
48:52 Inquisition
49:13 Supremacy
49:29 Hoardings
50:19 Chemistry
49:49 Architecture
50:58 Block Printing
51:22 Theocracy
51:13 Illumination
50:59 Fervor
Connection lost

Rejoining the realm…

Still unreachable

The connection could not be restored.

Session expired

The server has moved on; the page needs a fresh start.